 Dungeon Crawl Stone Soup version 0.30-a0-219-gf2db51d15e (webtiles) character file.

Game seed: 17502950674031521864

322 valliere the Shooter (level 6, -8/35 HPs)
             Began as a Deep Elf Hexslinger on Oct 6, 2022.
             Mangled by an iguana (9 damage)
             ... on level 4 of the Dungeon.
             The game lasted 00:09:45 (2719 turns).

valliere the Shooter (Deep Elf Hexslinger)          Turns: 2719, Time: 00:09:46

Health: -8/35      AC:  5    Str:  7    XL:     6   Next: 22%
Magic:  13/13      EV: 12    Int: 18    God:
Gold:   278        SH:  5    Dex: 17    Spells: 10/11 levels left

rFire   . . .      SeeInvis .    a - +1 sling
rCold   . . .      Faith    .    (no shield)
rNeg    . . .      Spirit   .    o - +0 leather armour
rPois   .          Reflect  +    (no helmet)
rElec   .          Harm     .    (no cloak)
rCorr   .          Rampage  .    w - +0 pair of gloves
Will    .....                    e - +0 pair of boots
Stlth   ++........               m - amulet of reflection
HPRegen 0.25/turn                (no ring)
MPRegen 0.13/turn                (no ring)

@: no status effects
A: no striking features
a: no special abilities


You were on level 4 of the Dungeon.
You visited 1 branch of the dungeon, and saw 4 of its levels.

You collected 278 gold pieces.

Inventory:

Hand Weapons
 a - a +1 sling (weapon)
Armour
 c - a +0 robe
 e - a +0 pair of boots (worn)
 h - a +0 ring mail
 o - a +0 leather armour (worn)
 w - a +0 pair of gloves (worn)
Jewellery
 m - an amulet of reflection (around neck)
Wands
 r - a wand of flame (4)
 t - a wand of mindburst (17)
Scrolls
 b - a scroll of poison
 d - 2 scrolls of brand weapon {unknown}
 g - 2 scrolls of magic mapping {unknown}
 n - a scroll of noise {unknown}
 q - a scroll of immolation {unknown}
 u - 4 scrolls of identify {unknown}
 v - 2 scrolls of butterflies {unknown}
 x - a scroll of silence {unknown}
Potions
 f - a potion of ambrosia {unknown}
 i - a potion of berserk rage {unknown}
 j - a potion of degeneration {unknown}
 k - 2 potions of lignification {unknown}
 l - a potion of mutation {unknown}
 p - a potion of attraction {unknown}
 s - a potion of heal wounds {unknown}
 z - a potion of haste {unknown}


   Skills:
 + Level 2.0 Fighting
 * Level 5.1 Ranged Weapons
 + Level 3.6 Dodging
 + Level 2.9 Stealth
 + Level 3.3 Spellcasting
 + Level 5.0 Hexes
 + Level 0.6 Translocations


You had 10 spell levels left.
You knew the following spells:

 Your Spells              Type           Power      Damage    Failure   Level
a - Slow                  Hex            84%        N/A       3%          1

Your spell library contained the following spells:

 Spells                   Type           Power      Damage    Failure   Level
 Portal Projectile        Hex/Tloc       26%        N/A       22%         3
 Beastly Appendage        Tmut           6%         N/A       24%         1
 Inner Flame              Hex/Fire       12%        N/A       26%         3
 Cause Fear               Hex            10%        N/A       30%         4
 Static Discharge         Conj/Air       6%         2-3/arc   34%         2
 Wereblood                Tmut           3%         N/A       34%         2
 Vhi's Electric Charge    Tloc/Air       8%         N/A       54%         3
 Spider Form              Tmut/Pois      3%         N/A       56%         3
 Stone Arrow              Conj/Erth      6%         3d7       56%         3
 Animate Armour           Summ/Erth      6%         N/A       93%         4
 Arcjolt                  Conj/Air       1%         1d11      100%        5
 Lightning Bolt           Conj/Air       1%         1d12      100%        5
 Lehudib's Crystal Spear  Conj/Erth      1%         10d2      100%        8


Dungeon Overview and Level Annotations

Branches:
Dungeon (4/15)
 Temple: D:4-7

Altars:


Message History

You shoot a sling bullet.
The sling bullet hits the iguana but does no damage.
The iguana is heavily wounded.
Fire: a) +1 sling
Press: ? - help, Shift-Dir - straight line, f/p - iguana
Aim: an iguana (heavily wounded, slow, 65% to hit)
You shoot a sling bullet.
The sling bullet hits the iguana but does no damage.
The iguana is heavily wounded.
You shoot a sling bullet. The sling bullet hits the iguana.
The iguana is severely wounded.
You block the iguana's attack.
You shoot a sling bullet.
The sling bullet hits the iguana but does no damage.
The iguana is severely wounded.
You block the iguana's attack.
You shoot a sling bullet.
The sling bullet barely misses the iguana.
You block the iguana's attack.
You shoot a sling bullet.
The sling bullet barely misses the iguana.
You shoot a sling bullet.
The sling bullet barely misses the iguana.
The iguana barely misses you.
You shoot a sling bullet.
The sling bullet barely misses the iguana.
The iguana bites you!
* * * LOW HITPOINT WARNING * * *
You shoot a sling bullet.
The sling bullet barely misses the iguana.
The iguana closely misses you.
You shoot a sling bullet. The sling bullet hits the iguana.
The iguana is almost dead.
The iguana is no longer moving slowly.
The iguana bites you!
* * * LOW HITPOINT WARNING * * *
You shoot a sling bullet.
The sling bullet hits the iguana but does no damage.
The iguana is almost dead.
The iguana bites you!
You die...

>#..###l# #..# .... .#.. #.#
#..#......
.#..###.######..#.##... ....
.............................#
.#......######..#?...........#
#......# #..# #.#..##....
+#......# ..##..# #.#..##.#.#
......#.#...##.l####.#..##.#.# #
......#.#...'...@.<..#..##.#.##.#
......#+#...##...###....##......#
..†.........##...# #..†......####
..........####...###....####.# #
..........##.......##+#.####.####
..........##.#.#...##.#.........#
..####....##.#...............##.#
..# #....##.#.#...##.#..###.##.#
..####....##.......##.)......##..


You could see an iguana.

Vanquished Creatures
  Sigmund (D:2)
  A jelly (D:4)
  An iguana (D:4)
  3 adders
  2 worms (D:3)
  3 dart slugs
  An orc (D:3)
  5 ball pythons
  5 bats
  2 endoplasms
  2 giant cockroaches
  7 goblins
  3 hobgoblins
  7 jackals
  8 kobolds
  3 quokkas
  5 frilled lizards
  8 rats
67 creatures vanquished.

Vanquished Creatures (others)
  A plant (D:3)
1 creature vanquished.

Grand Total: 68 creatures vanquished

Notes
Turn   | Place    | Note
-------+----------+-------------------------------------------
     0 | D:1      | valliere the Deep Elf Hexslinger began the quest for the
                  | Orb.
     0 | D:1      | Reached XP level 1. HP: 11/11 MP: 5/5
   154 | D:1      | Reached skill level 1 in Fighting
   155 | D:1      | Reached XP level 2. HP: 11/16 MP: 6/6
   416 | D:1      | Reached skill level 1 in Stealth
   728 | D:1      | Found a faded altar of an unknown god.
   790 | D:2      | Noticed Sigmund
   830 | D:2      | Reached XP level 3. HP: 20/20 MP: 7/7
  1317 | D:2      | Reached XP level 4. HP: 20/25 MP: 9/9
  1573 | D:2      | Killed Sigmund
  1574 | D:2      | Reached XP level 5. HP: 29/30 MP: 8/11
  2371 | D:4      | Reached skill level 5 in Ranged Weapons
  2371 | D:4      | Reached skill level 5 in Hexes
  2371 | D:4      | Reached XP level 6. HP: 32/35 MP: 12/12
  2718 | D:4      | HP: 1/35 [iguana (7)]
  2719 | D:4      | Mangled by an iguana

Illustrated notes

Levels and vault maps discovered:
D:1:      lightli_arrival_statue_moat, layout_basic,
          hellmonk_ecumenical_altar_leap_of_faith
D:2:      layout_basic, uniq_sigmund
D:3:      layout_loops_ring, kennysheep_nub, grunt_decor_junction,
          serial_bayou_pond_a, dreamdust_princess_corridor
D:4:      layout_basic, minmay_misc_feat_iff

Skill      XL: |  1  2  3  4  5  6 |
---------------+-------------------+-----
Fighting       | 1 2 |  2.0
Ranged Weapons | 3 4 5 |  5.1
Stealth        | 1 2 |  2.9
Spellcasting   | 2 3 |  3.3
Dodging        | 3 |  3.6
Hexes          | 5 |  5.0
Translocations | |  0.6

Action                   |  1- 3 |  4- 6 || total
-------------------------+-------+-------++-------
 Fire: Sling             |   130 |   160 ||   290
 Cast: Slow              |     1 |     4 ||     5
  Use: Scroll            |       |     1 ||     1
Armor: Robe              |    13 |       ||    13
       Leather armour    |     1 |    16 ||    17
Dodge: Dodged            |    50 |    47 ||    97
Block: Other             |     5 |    18 ||    23

Table legend: (Time is in decaauts)
 A = Elapsed time spent in this place.
 B = Non-inter-level travel time spent in this place.
 C = Inter-level travel time spent in this place.
 D = Time resting spent in this place.
 E = Time spent auto-exploring this place.
 F = Levels seen in this place.
 G = Mean time per level.
                   A        B        C        D        E       F      G
               +--------+--------+--------+--------+--------+-----+--------+
         Total |   2786 |   2655 |    131 |      0 |   2037 |   4 |  696.5 |
       Dungeon |   2786 |   2655 |    131 |      0 |   2037 |   4 |  696.5 |
               +--------+--------+--------+--------+--------+-----+--------+

Top non-repeatable levels by time:
     D:1: 900 daAuts
     D:2: 760 daAuts
     D:3: 740 daAuts
     D:4: 385 daAuts
